Unix NetHack Version 3.7.0-83 Work-in-progress - last build Apr 28 2023 22:06:38 (2625824c38750939014cf799bb7ff71c9e9c2d48,branch:master). Game began 2023-05-06 16:21:30, ended 2023-05-07 00:00:41. Zega, lawful male human Samurai -&- -.@J------- .@T@..%...| ..aHQ.uA..-- ...aAA%...- .Q..AA....- .....A..... --------- Zega the Ryoshu St:18/31 Dx:18 Co:17 In:17 Wi:20 Ch:14 Lawful S:667973 Astral Plane $:0 HP:0(260) Pw:16(58) AC:-29 Xp:15/179287 T:26636 TermIll Lev Latest messages: What do you want to use or apply? [abgijn-tvyzBFKOPW-Y or ?*] z You feel a bit steadier now. The Elvenqueen swings her pick-axe. The Elvenqueen misses! The Elvenqueen swings her pick-axe. The Elvenqueen misses! The Olog-hai misses! The Olog-hai hits! The Olog-hai misses! The jabberwock bites! The jabberwock bites again! The jabberwock hits! The jabberwock hits again! Alex the invisible Marksman swings his long sword. Alex the invisible Marksman hits! Pestilence reaches out, and you feel fever and chills. You feel much worse. Pestilence touches you! The Angel of Moloch swings her long sword at the ettin. The Angel of Moloch hits the ettin. The ettin is killed! The Angel of Moloch points at you, then curses. The Angel of Moloch swings her long sword at the Angel of Moloch. The Angel of Moloch hits the Angel of Moloch. The Angel of Moloch swings her long sword at the Angel of Moloch. The Angel of Moloch misses the Angel of Moloch. The Angel of Moloch hits the Angel of Moloch. The Angel of Moloch points at you, then curses. "Hast thou been drinking, or art thou always so clumsy?" What do you want to zap? [agjnprtBKOPW-Y or ?*] ? Nothing happens. What do you want to use or apply? [abgijn-tvyzBFKOPW-Y or ?*] i Z - an uncursed amulet of life saving. The Elvenqueen swings her pick-axe. The Elvenqueen just misses! The Elvenqueen swings her pick-axe. The Elvenqueen misses! The Olog-hai just misses! The Olog-hai misses! The Olog-hai bites! The jabberwock misses! The jabberwock misses! The jabberwock misses! The jabberwock misses! Alex the invisible Marksman swings his long sword. Alex the invisible Marksman hits! Pestilence reaches out, and you feel fever and chills. You feel much worse. You die... Do you want your possessions identified? [ynq] (y) q Inventory: Amulets Z - an uncursed amulet of life saving u - an uncursed amulet of reflection R - the Amulet of Yendor named AoY Weapons w - the blessed +7 Tsurugi of Muramasa (weapon in hands) Armor V - the blessed rustproof +2 Mitre of Holiness (being worn) l - an uncursed thoroughly burnt +0 pair of yugake (being worn) H - a blessed fireproof +5 pair of speed boots (being worn) U - an uncursed fireproof +5 robe (being worn) m - a blessed +1 Hawaiian shirt with a plumeria motif (being worn) M - a blessed +4 gray dragon scale mail (being worn) Comestibles S - an uncursed lizard corpse Rings k - an uncursed ring of conflict (on right hand) L - an uncursed ring of levitation (on left hand) f - an uncursed ring of slow digestion G - an uncursed ring of teleport control Wands j - a wand of cancellation (1:0) p - a wand of death (0:0) t - a wand of death (0:0) K - a wand of digging (0:6) g - a wand of digging (0:4) r - a wand of digging (0:4) B - a wand of digging (0:3) n - a wand of secret door detection (0:5) X - a wand of slow monster (0:7) W - a wand of speed monster (0:4) a - a wand of striking (0:4) Y - a wand of teleportation (0:3) O - a wand of teleportation (0:0) P - a cursed wand of teleportation (0:0) Tools i - a blessed greased bag of holding containing 107 items o - an uncursed oilskin sack containing 1 item y - an uncursed bugle b - an uncursed blindfold F - a magic marker (1:29) v - a magic marker (0:8) q - an uncursed skeleton key named psn/slep s - an uncursed stethoscope z - a blessed +0 unicorn horn named psn/sleep/fire/cold/shock Gems/Stones N - a blessed luckstone Contents of the bag of holding: 77 gold pieces an uncursed amulet of magical breathing an uncursed amulet of reflection an uncursed amulet versus poison 41 blessed rustproof +7 shuriken the blessed rustproof +6 Excalibur 15 uncursed gunyoki 3 uncursed lembas wafers a blessed tin of nurse meat a blessed tin of red dragon meat a blessed tin of yeti meat 3 uncursed eggs 2 uncursed lizard corpses a blessed scroll of charging an uncursed scroll of gold detection 2 uncursed scrolls of identify 2 blessed scrolls of remove curse 4 uncursed scrolls of scare monster a blessed scroll of taming a blessed scroll of teleportation an uncursed scroll of teleportation an uncursed spellbook of clairvoyance an uncursed spellbook of light an uncursed spellbook of magic missile an uncursed potion of enlightenment 7 uncursed diluted potions of extra healing 4 uncursed potions of fruit juice a cursed potion of healing a blessed potion of restore ability 3 uncursed potions of restore ability an uncursed potion of sake a blessed potion of speed a cursed potion of speed 11 potions of holy water a cursed ring of aggravate monster an uncursed ring of cold resistance an uncursed ring of conflict a cursed ring of fire resistance an uncursed ring of poison resistance an uncursed ring of poison resistance a cursed -5 ring of protection an uncursed ring of regeneration an uncursed ring of searching an uncursed ring of teleportation a wand of cold (0:4) a wand of cold (2:2) a wand of cold (0:3) a wand of cold (0:4) a wand of cold (0:7) a wand of cold (0:5) a wand of create monster (0:14) a wand of create monster (0:13) a wand of create monster (0:13) a wand of death (0:0) a wand of death (0:6) a wand of digging (0:1) a wand of digging (0:0) a wand of digging (0:5) a wand of digging (0:0) a wand of digging (0:2) a wand of digging (0:6) a wand of enlightenment (0:11) a wand of fire (0:5) a wand of fire (0:7) a wand of fire (0:3) a wand of light (3:7) a wand of light (2:1) a wand of light (0:15) a wand of light (0:11) a wand of light (0:11) a wand of lightning (1:3) a wand of lightning (0:6) a wand of lightning (0:3) a wand of lightning (0:8) a wand of locking (0:6) a wand of magic missile (0:8) a wand of magic missile (0:7) a wand of magic missile (0:3) a wand of make invisible (0:3) a wand of make invisible (0:7) a cursed wand of nothing (0:6) a wand of opening (0:7) a wand of polymorph (0:6) a wand of probing (0:0) a blessed wand of sleep (0:4) a wand of sleep (0:7) a wand of slow monster (1:3) a wand of slow monster (0:4) a wand of speed monster (0:4) a wand of striking (0:2) a wand of striking (0:4) a wand of striking (0:0) a wand of striking (0:7) a wand of wishing (1:1) a can of grease (0:15) a blessed magic marker (1:0) a magic marker (1:2) a magic marker (1:0) an uncursed magic whistle a blessed tinning kit (0:30) an uncursed amber stone an uncursed amethyst stone an uncursed chrysoberyl stone 3 uncursed diamonds 4 uncursed emeralds an uncursed jasper stone 2 uncursed rubies Contents of the oilskin sack: a potion of holy water Zega the Samurai's attributes: Background: You were a Ryoshu, a level 15 male human Samurai. You were lawful, on a mission for Amaterasu Omikami who was opposed by Raijin (neutral) and Susanowo (chaotic). You were in the endgame, on the Astral Plane. You entered the dungeon 26636 turns ago. It was the midnight hour. There was a full moon in effect when your adventure ended. You had 179287 experience points, 140713 more were needed to attain level 16. Your score was 667973 before end-of-game adjustments. Basics: You had 0 out of 260 hit points. You had 16 out of 58 energy points (spell power). Your armor class was -29. Your wallet was empty, but you had 77 zorkmids stashed away in your pack. Autopickup was on for '"?!=/' plus thrown. Final Characteristics: Your strength was 18/31 (limit:18/100). Your dexterity was 18 (limit:18). Your constitution was 17 (peak:18, limit:18). Your intelligence was 17 (base:15, limit:18). Your wisdom was 20 (base:18, innate limit:18). Your charisma was 14 (limit:18). Final Status: You were levitating. You were terminally sick from illness. You were not hungry. You were unencumbered. You were wielding a two-handed sword. You had expert skill with two-handed sword. Final Attributes: You were piously aligned. You were magic-protected. You were fire resistant. You were cold resistant. You were sleep resistant. You were shock resistant. You were poison resistant. You saw invisible. You were telepathic. You were invisible to others. You were stealthy. You caused conflict. You had a moderate defense bonus (+9). You were protected. You were very fast. You were very lucky. You had extra luck. Good luck did not time out for you. You are dead (2nd time!). Miscellaneous: You disabled loading of bones levels. Total elapsed playing time was 7 hours, 38 minutes and 47 seconds. Major events: Turn 1: Zega the lawful male human Samurai entered the dungeon 394: entered the Gnomish Mines 399: attained the rank of Ronin (level 3) 1937: attained the rank of Ninja (level 6) 2195: reached Mine Town 3580: made his first wish - "blessed greased fixed +2 gray dragon scale mail", got "a greased gray dragon scale mail" 3914: signified by divine providence, was chosen to carry Excalibur 5743: acquired the Mines' End luckstone 6748: entered Sokoban 6949: completed 1st Sokoban level 7378: completed 2nd Sokoban level 7690: completed 3rd Sokoban level 8312: completed 4th Sokoban level 8466: acquired the Sokoban amulet of reflection 8689: attained the rank of Joshu (level 10) 13592: wished for "blessed wand of polymorph", got "a silver wand" 15033: killed Medusa 15639: performed his first genocide (class L) 15640: genocided class h 17833: wished for "marker", got "a magic marker" 17872: made his first artifact wish - "the blessed greased fixed +2 mitre of holiness", got "a greased etched helmet named the Mitre of Holiness" 18042: attained the rank of Ryoshu (level 14) 19549: killed Ashikaga Takauji 19550: found the Tsurugi of Muramasa on the floor 19551: acquired the Bell of Opening 21556: entered Gehennom 22050: wished for "marker", got "a magic marker" 22055: genocided class ; 22136: genocided shocking spheres 22382: bribed Asmodeus with 50 zorkmids for safe passage 22708: killed Juiblex 22924: bribed Baalzebub with 10 zorkmids for safe passage 23046: wished for "marker", got "a magic marker" 23157: destroyed Vlad the Impaler 23230: acquired the Candelabrum of Invocation 23507: killed Orcus 24488: killed the Wizard of Yendor 24489: acquired the Book of the Dead 24522: performed the invocation 24526: killed the invisible Wizard of Yendor (2nd time) 24602: killed the high priestess of Moloch 24603: acquired The Amulet of Yendor 25472: killed the Wizard of Yendor (3rd time) 26430: entered the Elemental Planes 26430: entered Plane of Earth 26441: wished for "marker", got "a magic marker" 26466: entered Plane of Air 26536: entered Plane of Fire 26574: entered Plane of Water 26615: entered the Astral Plane 26629: averted death (killed by Pestilence) 26636: killed by Pestilence Vanquished creatures: Orcus Juiblex the Wizard of Yendor (4 times) Vlad the Impaler a high cleric Medusa an iron golem 2 storm giants a balrog 4 purple worms a gray dragon 2 silver dragons 4 red dragons 2 white dragons a black dragon 3 blue dragons a green dragon a yellow dragon 12 minotaurs Ashikaga Takauji 5 baluchitheria 3 Angels a demilich 2 stone golems 3 Olog-hai 4 pit fiends 2 sandestins a hell hound a titanothere a trapper a baby gold dragon a guardian naga 2 disenchanters 21 vampire leaders 3 skeletons an aligned cleric 6 captains 6 shades 4 liches a water troll 3 clay golems 3 nurses 3 nalfeshnees 2 lurkers above 2 ettins 25 vampires 8 lieutenants 32 ghosts 11 samurai a queen bee 2 winged gargoyles a mind flayer 8 giant mimics a long worm 2 zruties a fire giant 4 ogre tyrants an ice troll 3 rock trolls an umber hulk a flesh golem 5 elven monarchs 6 hezrous 3 bone devils 7 large mimics a fire vortex a couatl 29 stalkers 6 air elementals 2 fire elementals an earth elemental 3 water elementals 2 hill giants 3 giant mummies 4 xorns 13 giant zombies 5 elf-nobles 11 sergeants 3 barbed devils 10 vrocks 2 salamanders 4 wargs 2 winter wolves 3 hell hound pups 21 small mimics a glass piercer a warhorse 4 steam vortices 2 xans 3 ettin mummies 3 quantum mechanics 8 trolls 2 sasquatches 3 erinyes 2 mariliths 4 sharks 3 gelatinous cubes 2 large dogs 3 freezing spheres 4 flaming spheres 3 shocking spheres a large cat 5 tigers 4 gargoyles 2 dwarf rulers 3 ochre jellies 5 leocrottas an energy vortex 4 mountain centaurs 2 human mummies 5 red nagas 7 pythons 4 pit vipers a cobra 42 wraiths a carnivorous ape 8 ettin zombies a leather golem 6 Grey-elves 43 soldiers 5 amorous demons 2 horned devils 5 chameleons a crocodile 4 giant beetles a quivering blob 3 cockatrices 55 wolves 11 winter wolf cubs a lynx a panther 19 gremlins 35 leprechauns 4 orc-captains 4 iron piercers a mumak 13 giant spiders 2 scorpions 2 horses 3 ice vortices 6 black lights 5 vampire bats 7 forest centaurs 4 gnome rulers 4 orc mummies 3 dwarf mummies 3 ogres 5 rust monsters 6 owlbears 3 yetis 2 gold golems a werewolf 7 Green-elves a piranha 7 giant eels 8 lizards 22 ninja 7 chickatrices 2 dingoes 2 dogs 2 housecats 2 jaguars 2 dwarf leaders 4 blue jellies a white unicorn 2 gray unicorns 4 dust vortices 4 ravens 5 plains centaurs 3 gnome mummies 4 snakes 4 water moccasins 6 apes 13 human zombies 3 rope golems 12 Woodland-elves 5 soldier ants 4 fire ants 13 bugbears 2 imps 2 quasits 4 wood nymphs 3 water nymphs 2 mountain nymphs 2 Mordor orcs 10 Uruk-hai 6 orc shamans a rock piercer 7 ponies a fog cloud 6 yellow lights 3 shriekers 2 violet fungi 25 gnome leaders 6 gnomish wizards a kobold mummy a red naga hatchling a golden naga hatchling 2 gray oozes 2 barrow wights 15 elf zombies 14 ghouls 3 straw golems a paper golem 3 jellyfish a baby crocodile 12 giant ants 2 little dogs 9 floating eyes 2 kittens 12 dwarves a homunculus 4 kobold leaders 2 kobold shamans 27 hill orcs 14 rothes 3 rabid rats 2 centipedes a giant bat 2 monkeys 20 orc zombies 13 dwarf zombies 2 wererats a werejackal 4 iguanas 41 killer bees 5 acid blobs a coyote a hobbit 3 manes a large kobold 17 hobgoblins 5 giant rats 3 cave spiders a brown mold a green mold 77 gnomes 7 garter snakes 10 gnome zombies 3 geckos 20 jackals 3 foxes 5 goblins a sewer rat 7 grid bugs 4 bats 3 lichens 9 kobold zombies 8 newts 1434 creatures vanquished. Genocided or extinct species: shocking spheres hobbits dwarves bugbears dwarf leaders dwarf rulers mind flayers master mind flayers liches demiliches master liches arch-liches erinyes (extinct) jellyfish piranha sharks giant eels electric eels krakens 18 species genocided. 1 species extinct. Voluntary challenges: You read items or engraved 171 times. You engraved Elbereth 12 times. You genocided 18 types of monsters. You never changed form. You used 7 wishes (1 for an artifact). You did not violate any of the special Sokoban rules. Achievements: You entered the Gnomish Mines. You attained the rank of Ronin. You entered a shop. You attained the rank of Ninja. You entered Minetown. You entered a temple. You completed the Gnomish Mines. You entered Sokoban. You completed Sokoban. You attained the rank of Joshu. You defeated Medusa. You learned the tune to open and close the Castle's drawbridge. You attained the rank of Ryoshu. You handled the Bell of Opening. You entered Gehennom. You handled the Candelabrum of Invocation. You handled the Book of the Dead. You gained access to Moloch's Sanctum. You had the Amulet of Yendor. You reached the Elemental Planes. You reached the Astral Plane. The Elemental Planes: Astral Plane: <- You were here. Final resting place for you, killed by Pestilence. Plane of Water: Plane of Fire: Plane of Air: Plane of Earth: The Dungeons of Doom: levels 1 to 26 Level 1: One way stairs up to The Elemental Planes. Level 2: "vaul" Stairs down to The Gnomish Mines. Level 3: A general store. Level 4: A general store. Level 5: Oracle of Delphi. Level 6: Stairs up to Sokoban, level 5. Level 7: "v - spellooks" Level 8: A fountain. Level 9: Some shops, an altar to Amaterasu Omikami, a fountain. Level 10: A fountain. Level 11: Portal to The Quest. Level 12: Level 13: "crystal ball" A fountain, a sink. Level 14: A general store. Level 15: A primitive area. Level 16: An altar. Level 17: Level 18: Level 19: Level 20: Level 21: "v" A temple to Amaterasu Omikami, a grave. Level 22: A general store, a grave. Level 23: Level 24: "katana/bow" Level 25: Level 26: A fountain. The castle. Connection to Gehennom. Gehennom: levels 27 to 47 Level 27: A temple, many graves. Valley of the Dead. Level 28: Level 29: Level 30: Level 31: Level 32: Level 33: Level 34: Level 35: Level 36: Stairs up to Vlad's Tower, level 35. Level 37: Level 38: Level 39: Some shops, an altar, many graves. Level 40: "wiz" Level 41: Level 42: Level 43: Level 44: Level 45: Level 46: Level 47: A temple, many graves. Moloch's Sanctum. The Gnomish Mines: levels 3 to 11 Level 3: Level 4: Level 5: Level 6: Many shops, a temple, many fountains. Level 7: Level 8: Level 9: Level 10: Level 11: A fountain. The Quest: levels 1 to 6 Level 1: Completed quest for Lord Sato. Level 2: Level 3: Level 4: Level 5: Level 6: Sokoban: levels 5 up to 2 Level 2: Solved. Level 3: Solved. Level 4: Solved. Level 5: Solved. Vlad's Tower: levels 35 up to 33 Level 33: Level 34: Level 35: Game over: ---------- / \ / REST \ / IN \ / PEACE \ / \ | Zega | | 77 Au | | killed by | | Pestilence | | | | | | 2023 | *| * * * | * _________)/\\_//(\/(/\)/\//\/|_)_______ Sayonara Zega the Samurai... You died in The Astral Plane with 667966 points, and 77 pieces of gold, after 26636 moves. You were level 15 with a maximum of 260 hit points when you died.